 Dungeon Crawl Stone Soup version 0.31-a0-331-geda263fcf1 (webtiles) character file.

Game seed: 16764735930284088456

13195 cforsyth the Geomancer (level 11, -14/58 (68) HPs)
             Began as a Vampire Earth Elementalist on July 19, 2023.
             Was a Priest of Vehumet.
             Killed from afar by Josephine (27 damage)
             ... with a ghostly fireball
             ... on level 10 of the Dungeon.
             The game lasted 00:25:25 (11479 turns).

cforsyth the Geomancer (VpEE)                      Turns: 11479, Time: 00:25:26

HP:   -14/58 (68)   AC: 11    Str:  7    XL:     11   Next: 72%
MP:   24/27         EV: 11    Int: 27    God:    Vehumet [***...]
Gold: 574           SH:  0    Dex: 15    Spells: 27/35 levels left

rFire   + + .        (no weapon)
rCold   . . .        (no shield)
rNeg    . . .        M - +0 troll leather armour
rPois   .            o - +1 helmet {Int+3}
rElec   .            u - +0 cloak "Goulipou" {rF+ Int+2}
rCorr   .            E - +0 pair of gloves
SInv    +            e - +2 pair of boots
Will    +....        (no amulet)
Stlth   ++           d - ring of protection from fire
HPRegen 1.29/turn    j - ring of flight
MPRegen 0.20/turn

%: no passive effects
@: flying, healing quickly, heavily drained
A: alive, fangs 3, see invisible, vampiric 2
a: Exsanguinate, Renounce Religion


You were on level 10 of the Dungeon.
You worshipped Vehumet.
Vehumet was most pleased with you.
You visited 2 branches of the dungeon, and saw 11 of its levels.
You also visited: Sewer and Bailey.

You collected 805 gold pieces.
You spent 231 gold pieces at shops.

Inventory:

Missiles
 m - 2 throwing nets
Armour
 e - a +2 pair of boots (worn)
 h - a +1 robe of positive energy
 o - a +1 helmet of intelligence (worn)
 u - the +0 cloak "Goulipou" (worn) {rF+ Int+2}
   (You found it on level 9 of the Dungeon)

   Int:       It affects your intelligence (+2).
   rF:        It protects you from fire.
 E - a +0 pair of gloves (worn)
 H - the +0 chain mail of the First Snow {Harm rPois rCorr Int+4}
   (You found it in a bailey)

   Int:       It affects your intelligence (+4).
   rPois:     It protects you from poison.
   rCorr:     It protects you from acid and corrosion.
   Harm:      It increases damage dealt and taken.
 J - a +2 plate armour of poison resistance
 L - the +4 moon troll leather armour {Spirit, Regen++ MP+5}
   (You found it on level 10 of the Dungeon)

   MP:        It affects your magic capacity (+5).
   Regen:     It increases your rate of health regeneration.
 M - a +0 troll leather armour (worn)
Jewellery
 d - a ring of protection from fire (left hand)
 j - a ring of flight (right hand)
Wands
 q - a wand of flame (30)
 s - a wand of light (5)
 w - a wand of paralysis (8)
 G - a wand of digging (11)
Scrolls
 a - 2 scrolls of identify
 f - 3 scrolls of enchant weapon {unknown}
 g - 2 scrolls of teleportation
 l - 4 scrolls of revelation
 n - 2 scrolls of noise {unknown}
 v - a scroll of amnesia {unknown}
 x - 3 scrolls of fog
 y - 2 scrolls of enchant armour {unknown}
 D - a scroll of poison {unknown}
 N - a scroll of blinking {unknown}
Potions
 b - 5 potions of magic
 c - 4 potions of brilliance {unknown}
 i - 5 potions of curing
 k - 6 potions of heal wounds
 p - a potion of degeneration {unknown}
 r - a potion of enlightenment {unknown}
 t - a potion of ambrosia {unknown}
 z - a potion of experience {unknown}
 A - 2 potions of resistance {unknown}
 B - a potion of might {unknown}
 C - a potion of cancellation {unknown}
 F - a potion of lignification {unknown}
 I - a potion of haste {unknown}
 O - a potion of invisibility {unknown}
Miscellaneous
 K - a phial of floods


   Skills:
 - Level 2.1 Dodging
 - Level 3.0 Stealth
 + Level 12.5 Spellcasting
 - Level 1.1 Transmutations
 + Level 13.7 Earth Magic


You had 27 spell levels left.
You knew the following spells:

 Your Spells              Type           Power      Damage    Failure   Level
a - Sandblast             Erth           100%       2d20      0%          1
b - Stone Arrow           Conj/Erth      100%       3d13      1%          3
c - Leda's Liquefaction   Hex/Erth       26%        N/A       3%          4

Your spell library contained the following spells:

 Spells                   Type           Power      Damage    Failure   Level
 Scorch                   Fire           32%        2d6       2%          2
 Passwall                 Tmut/Erth      45%        N/A       1%          2
 Petrify                  Tmut/Erth      54%        N/A       2%          4
 Ignite Poison            Fire/Tmut/Pois 18%        N/A       3%          3
 Summon Small Mammal      Summ           64%        N/A       4%          1
 Hailstorm                Conj/Ice       16%        3d6       4%          3
 Cigotuvi's Dreadful Rot  Necr/Pois/Air  32%        N/A       8%          2
 Call Canine Familiar     Summ           16%        N/A       16%         3
 Portal Projectile        Hex/Tloc       32%        N/A       16%         3
 Summon Guardian Golem    Hex/Summ       16%        N/A       16%         3
 Manifold Assault         Tloc           16%        N/A       45%         4
 Summon Ice Beast         Ice/Summ       16%        N/A       45%         4
 Summon Forest            Summ/Tloc      8%         N/A       80%         5
 Simulacrum               Ice/Necr       8%         N/A       100%        6


Dungeon Overview and Level Annotations

Branches:
Dungeon (10/15)            Temple (1/1) D:6            Lair (0/5) D:9
  Sewer (visited)          Bailey (visited)
    Orc: D:9-12

Altars:
Ashenzari
Cheibriados
Dithmenos
Fedhas
Gozag
Hepliaklqana
Kikubaaqudgha
Makhleb
Nemelex Xobeh
Okawaru
Qazlal
Ru
Sif Muna
Trog
Uskayaw
Vehumet
Wu Jian
Xom
Yredelemnul

Shops:
D:8 [[(

Annotations:
D:2 1 runed translucent door, Crazy Yiuf
D:10 Josephine


Innate Abilities, Weirdness & Mutations

Your natural rate of healing is accelerated.
You have razor-sharp teeth.
You have supernaturally acute eyesight. (SInv)
You are afflicted with vampirism and can become a bat while bloodless.


Message History

Press: ? - help, Shift-Dir - straight line, f/p - wraith
Aim: a wraith (lightly damaged, 85% to hit)
The blast of sand hits the wraith.
The wraith is moderately damaged.
The wraith hits you. The wraith drains your vigour!
You feel as though you will be slow longer.
The wraith hits you but does no damage.
Casting: Sandblast (safe; 0% risk of failure)
Confirm with . or Enter, or press ? or * to list all spells.
Aiming: Sandblast (safe; 0% risk of failure)
Press: ? - help, Shift-Dir - straight line, f/p - wraith
Aim: a wraith (moderately damaged, 85% to hit)
The blast of sand hits the wraith!!
The wraith is almost destroyed.
The wraith misses you. The wraith hits you but does no damage.
Casting: Sandblast (safe; 0% risk of failure)
Confirm with . or Enter, or press ? or * to list all spells.
Aiming: Sandblast (safe; 0% risk of failure)
Press: ? - help, Shift-Dir - straight line, f/p - wraith
Aim: a wraith (almost destroyed, 85% to hit)
The blast of sand hits the wraith!!
You destroy the wraith!
Vehumet accepts your kill.
You feel your power returning.
Josephine is nearby!
Josephine is nearby!
Josephine is nearby!
Josephine shouts!
Josephine casts a spell at you.
The ghostly flame explodes!
The ghostly fireball engulfs you!
You feel drained.
You feel yourself speed up.
Josephine gestures at you while chanting.
The ghostly flame explodes!
The ghostly fireball engulfs you!!
You feel drained.
Ouch! That really hurt!
* * * LOW HITPOINT WARNING * * *
Josephine gestures at you while chanting.
The ghostly flame explodes!
The ghostly fireball engulfs you!!
You feel drained.
You die...

#...........#,,,,,,,,,,,
#...##'######,,,*****,,,
#...#.........,,* *,,,
##...#.........,,* *,,,
#....#.........,,* *,,,
##...#...######*** *,,,
#...#...# *,,, #...#...#
*,,, #...#..@# *,,,
#...#...##### ****
#...#.......#
*#######...#...@...#
*..........#.......#
*..........#####...#
********
*####..........#...#
*,,,,,,,
#..........#...#
*,,,,,,,
#..........#...#
*,,,,,,,


You could see Josephine.

Vanquished Creatures
  2 two-headed ogres
  A deep elf pyromancer (Bailey)
  An orc knight (Bailey)
  A komodo dragon (D:10)
  2 trolls (D:10)
  A hornet (D:9)
  6 wraiths
  A vampire (D:9)
  A shadow (D:10)
  22 yaks
  2 wyverns
  4 steam dragons
  2 acid dragons (D:10)
  2 water moccasins
  8 orc warriors
  A sky beast (D:7)
  2 black bears
  2 ice beasts
  3 ogres
  2 centaurs
  A phantom (D:6)
  2 kobold brigands
  3 gnoll sergeants
  5 bullfrogs
  4 scorpions
  A wight (D:10)
  10 killer bees
  7 howler monkeys
  6 hounds
  A gnoll bouda (D:5)
  6 jellies
  9 orc priests
  3 iguanas
  5 orc wizards
  24 gnolls
  7 adders
  A river rat (Sewer)
  4 white imps
  A worm (Sewer)
  4 dart slugs
  33 orcs
  15 endoplasms
  3 giant cockroaches
  15 goblins
  8 hobgoblins
  8 jackals
  15 kobolds
  5 quokkas
  8 ball pythons
  5 bats
  9 frilled lizards
  7 rats
301 creatures vanquished.

Notes
Turn   | Place    | Note
-------+----------+-------------------------------------------
     0 | D:1      | cforsyth the Vampire Earth Elementalist began the quest for
                  | the Orb.
     0 | D:1      | Reached XP level 1. HP: 13/13 MP: 3/3
   213 | D:1      | Reached XP level 2. HP: 19/19 MP: 3/5
   625 | D:1      | Gained mutation: You are afflicted with vampirism and can
                  | become a bat while bloodless. [Vampire growth]
   625 | D:1      | Reached XP level 3. HP: 24/24 MP: 5/7
  1121 | D:2      | Found a runed translucent door.
  1122 | D:2      | Noticed Crazy Yiuf
  2134 | D:3      | Reached skill level 4 in Earth Magic
  3035 | D:4      | Reached XP level 4. HP: 30/30 MP: 6/8
  3164 | D:4      | Noticed an ogre
  3168 | D:4      | Killed an ogre
  3169 | D:4      | Reached XP level 5. HP: 11/35 MP: 4/10
  3252 | D:4      | Found a basalt altar of Yredelemnul.
  3252 | D:4      | Found a broken altar of Ashenzari.
  3696 | D:4      | Reached skill level 5 in Earth Magic
  3913 | D:4      | Noticed a black bear
  4269 | D:4      | Killed a black bear
  4270 | D:4      | Reached XP level 6. HP: 37/41 MP: 6/12
  4425 | D:5      | Entered Level 5 of the Dungeon
  4425 | D:5      | Noticed a two-headed ogre
  4882 | D:5      | Reached skill level 5 in Spellcasting
  4909 | D:5      | Reached skill level 6 in Earth Magic
  4909 | D:5      | Reached XP level 7. HP: 46/46 MP: 10/14
  4941 | D:5      | HP: 1/46 [two-headed ogre/+0 giant club (7)]
  4946 | D:5      | Killed a two-headed ogre
  4947 | D:5      | Reached skill level 7 in Earth Magic
  4947 | D:5      | Reached XP level 8. HP: 4/52 MP: 9/18
  5366 | D:5      | Reached skill level 8 in Earth Magic
  5645 | D:6      | Noticed an angel
  5891 | D:6      | Noticed a rust devil
  5902 | D:6      | Found a glowing drain.
  5944 | Sewer    | Entered a sewer
  6142 | Sewer    | Found a viscous altar of Jiyva.
  6295 | D:6      | Found a staircase to the Ecumenical Temple.
  6320 | D:6      | Reached XP level 9. HP: 57/57 MP: 15/20
  6372 | D:6      | Reached skill level 9 in Earth Magic
  7161 | D:6      | Learned a level 3 spell: Stone Arrow
  7166 | D:6      | Learned a level 4 spell: Leda's Liquefaction
  7185 | Temple   | Entered the Ecumenical Temple
  7209 | Temple   | Became a worshipper of Vehumet
  7391 | D:7      | Reached skill level 10 in Earth Magic
  8051 | D:8      | Found a shimmering blue altar of Sif Muna.
  8120 | D:8      | Found Dupp's Weapon Shop.
  8126 | D:8      | Identified the scarf of Enadyem {+Inv, rPois Str+3 Int+4}
  8231 | D:8      | Reached XP level 10. HP: 63/63 MP: 19/23
  8326 | D:8      | Reached * piety under Vehumet
  8326 | D:8      | Offered knowledge of Kiss of Death by Vehumet.
  8327 | D:8      | Reached skill level 11 in Earth Magic
  8426 | D:8      | Found Qontur's Armour Boutique.
  8664 | D:8      | Found Fav Umod's Armour Boutique.
  8669 | D:8      | Bought a +1 helmet of intelligence for 231 gold pieces
  8804 | D:8      | Reached skill level 10 in Spellcasting
  9230 | D:9      | Identified the +0 cloak "Goulipou" {rF+ Int+2}
  9463 | D:9      | Offered knowledge of Magic Dart by Vehumet.
  9609 | D:9      | Reached ** piety under Vehumet
  9619 | D:9      | Reached skill level 12 in Earth Magic
  9749 | D:9      | Found a staircase to the Lair.
  9825 | D:10     | Entered Level 10 of the Dungeon
  9889 | D:10     | Noticed a two-headed ogre
  9901 | D:10     | Killed a two-headed ogre
  9902 | D:10     | Reached XP level 11. HP: 44/68 MP: 23/26
  9925 | D:10     | Found a flagged portal.
  9946 | Bailey   | Entered a bailey
 10107 | Bailey   | Noticed an orc knight
 10121 | Bailey   | Killed an orc knight
 10164 | Bailey   | Found a large runed translucent door.
 10164 | Bailey   | Found a large runed translucent door.
 10165 | Bailey   | Noticed a deep elf pyromancer
 10398 | Bailey   | Killed a deep elf pyromancer
 10440 | Bailey   | Identified the +0 chain mail of the First Snow {Harm rPois
                  | rCorr Int+4}
 10446 | Bailey   | Got the Disquisition on the Panacea and Distance
 10564 | D:10     | Reached skill level 13 in Earth Magic
 10748 | D:9      | Offered knowledge of Scorch by Vehumet.
 10902 | D:10     | Found the +4 moon troll leather armour {Spirit, Regen++
                  | MP+5}
 11109 | D:10     | Reached *** piety under Vehumet
 11416 | D:10     | Noticed Josephine
 11479 | D:10     | Killed from afar by Josephine

Illustrated notes

Levels and vault maps discovered:
D:1:      minmay_arrival_arboretum_small, layout_rooms
D:2:      layout_basic, hangedman_decor_growths,
          nicolae_concentric_dashed_squares_wild, minmay_misc_feat_columns,
          uniq_crazy_yiuf_cottage
D:3:      layout_basic
D:4:      layout_basic, chequers_temple_overflow_statue_of_worship,
          kennysheep_generic_room_10
D:5:      layout_rooms
D:6:      layout_loops_corners, temple_garden, cheibrodos_sewer_entry_sluice,
          feat_on_display
D:7:      layout_cave_pools
D:8:      layout_rooms, lemuel_blue_sif_altar, serial_shops,
          nicolae_shop_statue_plus, nicolae_shop_rolling_square, shop,
          nicolae_twisty_statue_hallways
D:9:      layout_rooms, grunt_lair_entry_orc_guard_hut, st_stairs_9
D:10:     kennysheep_blocky_hall, layout_irregular_city, enter_bailey_3,
          minivault_11, grunt_ministairs_8, minmay_increasing_density,
          uniq_josephine
Temple:   hellmonk_temple_of_storms

Skill      XL: |  1  2  3  4  5  6  7  8  9 10 11 |
---------------+----------------------------------+-----
Spellcasting   | 3 4 5 6 7 9 11 12 | 12.5
Earth Magic    | 4 5 6 7 8 10 12 13 | 13.7
Dodging        | |  2.1
Stealth        | |  3.0
Transmutations | |  1.1

Action                     |  1- 3 |  4- 6 |  7- 9 | 10-12 || total
---------------------------+-------+-------+-------+-------++-------
  Melee: Unarmed           |     7 |    31 |     1 |     1 ||    40
         Bite              |     1 |     1 |       |       ||     2
   Cast: Sandblast         |    73 |    70 |   166 |   282 ||   591
         Leda's Liquefacti |       |       |     1 |       ||     1
  Evoke: Wand              |       |       |     5 |     8 ||    13
    Use: Scroll            |       |       |     9 |     2 ||    11
         Potion            |       |       |       |     1 ||     1
   Stab: Sleeping          |       |     1 |       |       ||     1
 Armour: Robe              |    13 |    37 |     7 |    50 ||   107
         Troll leather arm |       |       |       |    40 ||    40
  Dodge: Dodged            |    34 |    78 |    43 |   148 ||   303

Table legend: (Time is in decaauts)
 A = Elapsed time spent in this place.
 B = Non-inter-level travel time spent in this place.
 C = Inter-level travel time spent in this place.
 D = Time resting spent in this place.
 E = Time spent auto-exploring this place.
 F = Levels seen in this place.
 G = Mean time per level.
                   A        B        C        D        E       F      G
               +--------+--------+--------+--------+--------+-----+--------+
         Total |  11842 |  11333 |    509 |    846 |   7916 |  13 |  910.9 |
       Dungeon |  10863 |  10375 |    488 |    664 |   7493 |  10 | 1086.3 |
        Temple |     45 |     24 |     21 |      0 |      0 |   1 |   45.0 |
         Sewer |    363 |    363 |      0 |      0 |    235 |   1 |  363.0 |
        Bailey |    569 |    569 |      0 |    181 |    187 |   1 |  569.0 |
               +--------+--------+--------+--------+--------+-----+--------+

Top non-repeatable levels by time:
     D:4: 1943 daAuts
     D:6: 1301 daAuts
     D:9: 1230 daAuts
     D:2: 1076 daAuts
     D:3: 1074 daAuts
    D:10: 956 daAuts
     D:1: 934 daAuts
     D:8: 862 daAuts
     D:7: 821 daAuts
     D:5: 663 daAuts
  Bailey: 569 daAuts
   Sewer: 363 daAuts
  Temple: 45 daAuts
